 Dungeon Crawl Stone Soup version 0.20.0-15-g7f486f2 (webtiles) character file.

114 Chiseanne the Skirmisher (level 4, 0/35 HPs)
             Began as a Demonspawn Wanderer on June 22, 2017.
             Slain by Edmund
             ... wielding a +2 flail of holy wrath
              (5 damage)
             ... on level 4 of the Dungeon.
             The game lasted 00:06:55 (3207 turns).

Chiseanne the Skirmisher (Demonspawn Wanderer)      Turns: 3207, Time: 00:06:56

Health: 0/35       AC:  9    Str: 13    XL:     4   Next: 66%
Magic:  5/5        EV: 11    Int: 12    God:
Gold:   203        SH:  0    Dex: 14    Spells: 3/3 levels left

rFire    . . .     SeeInvis .   d - +0 short sword
rCold    . . .     Gourm    .   (no shield)
rNeg     + . .     Faith    .   z - +1 ring mail
rPois    .         Spirit   .   C - +0 helmet
rElec    .         Reflect  .   (no cloak)
rCorr    .         Harm     .   (no gloves)
MR       .....                  e - +1 pair of boots
Stlth    +.........             k - amulet of rage
Regen    0.2/turn               p - ring of positive energy
MPRegen  0.1/turn               (no ring)

@: very slightly contaminated, invisible
A: talons 1, powered by pain 1
a: Evoke Berserk Rage


You were on level 4 of the Dungeon.
You were hungry.

You visited 1 branch of the dungeon, and saw 4 of its levels.

You collected 203 gold pieces.

Inventory:

Hand Weapons
 a - a +2 shortbow
 d - a +0 short sword (weapon)
 n - a +0 dagger
 v - a +0 hand axe
Missiles
 b - 41 arrows
 i - 13 bolts
 j - 21 sling bullets
 m - 69 stones (quivered)
 u - 12 javelins
Armour
 e - a +1 pair of boots (worn)
 z - a +1 ring mail (worn)
 C - a +0 helmet (worn)
Jewellery
 k - an amulet of rage (around neck)
 p - a ring of positive energy (left hand)
Scrolls
 h - 2 scrolls of enchant armour
 l - a scroll of magic mapping
 t - a scroll of fog
 y - a scroll of teleportation
 B - 2 scrolls of identify {unknown}
Potions
 c - a potion of lignification
 o - 4 potions of curing
 q - a potion of might {unknown}
 r - 3 potions of invisibility
 w - a potion of heal wounds {unknown}
 x - a potion of flight {unknown}
 A - a potion of berserk rage {unknown}
 D - 2 potions of mutation {unknown}
 E - a potion of agility {unknown}
Comestibles
 f - a bread ration
 g - 4 royal jellies
 s - a meat ration
 F - 4 fruits


   Skills:
 * Level 3.3 Fighting
 - Level 2.6 Bows
 - Level 1.0 Throwing
 * Level 3.0 Armour
 * Level 2.2 Dodging
   Level 1.0 Shields
 * Level 1.4 Evocations


You had 3 spell levels left.
You didn't know any spells.

Dungeon Overview and Level Annotations

Branches:
Dungeon (4/15)
 Temple: D:4-7

Altars:

Annotations:
D:4 Edmund


Innate Abilities, Weirdness & Mutations

You have sharp toenails.
You sometimes gain a little power by taking damage.


Message History

Edmund is moderately wounded.
Edmund barely misses you.
You closely miss Edmund.
Edmund is moderately wounded.
Edmund barely misses you.
It was a potion of curing.
You feel better. Edmund hits you but does no damage.
You hit Edmund but do no damage.
Edmund is moderately wounded.
You feel less wooden.
Your +0 helmet unmelds from your body.
Your +1 pair of boots unmelds from your body.
Your +1 ring mail unmelds from your body.
Edmund hits you with a flail of holy wrath!
You convulse!
* * * LOW HITPOINT WARNING * * *
You feel better.
Edmund hits you with a flail of holy wrath!
* * * LOW HITPOINT WARNING * * *
You convulse.
You die...

#.#.# #.#.### #.....#
######## #.#.#.# ##......#
#.###.#.#.# #.......#
#.......#.##### #..#..#.#
#####.........#
#..#..#.#######.#.#..##.#
...............@@....# .#
#.#####.#######.#..>.##.####
#.#####.# #.#.##.#......
#.......# #.#.......#
##.##.. #########
##......#.##........
#............# ##..
#.##.#.##.#####.##.. #.
#.#.##........... #
..#####.#####.#


You could see Edmund.

Vanquished Creatures
  Jessica (D:3)
  2 adders
  3 worms (D:2)
  4 dart slugs
  3 leopard geckos
  An orc (D:3)
  2 bats (D:1)
  3 giant cockroaches
  10 hobgoblins
  6 frilled lizards (D:1)
  4 goblins
  5 kobolds
  8 rats
52 creatures vanquished.

Notes
Turn   | Place    | Note
-------+----------+-------------------------------------------
     0 | D:1      | Chiseanne the Demonspawn Wanderer began the quest for the Orb.
     0 | D:1      | Chiseanne set off with: a +2 shortbow, 26 arrows, 2 potions of lignification, a +0 robe, a bread ration
     0 | D:1      | Reached XP level 1. HP: 16/16 MP: 1/1
   336 | D:1      | Reached skill level 1 in Dodging
   336 | D:1      | Gained mutation: You have sharp toenails. [demonic ancestry]
   336 | D:1      | Reached XP level 2. HP: 23/23 MP: 2/2
  1107 | D:2      | Gained mutation: You sometimes gain a little power by taking damage. [demonic ancestry]
  1107 | D:2      | Reached XP level 3. HP: 28/28 MP: 3/3
  1450 | D:2      | You fall through a shaft!
  2315 | D:2      | Reached skill level 1 in Evocations
  2315 | D:2      | Reached XP level 4. HP: 16/35 MP: 4/4
  2814 | D:3      | Found a faded altar of an unknown god.
  2888 | D:3      | Noticed Jessica
  2889 | D:3      | Killed Jessica
  3127 | D:4      | Noticed Edmund
  3207 | D:4      | Slain by Edmund

Skill      XL: |  1  2  3  4 |
---------------+-------------+-----
Dodging        | 1 2 |  2.2
Fighting       | 3 |  3.3
Evocations     | 1 |  1.4
Armour         | 3 |  3.0
Bows           | |  2.6
Throwing       | |  1.0
Shields        | |  1.0

Action                   |  1- 3 |  4- 6 || total
-------------------------+-------+-------++-------
Melee: Short sword       |       |    27 ||    27
 Fire: Shortbow          |   110 |    15 ||   125
  Use: Scroll            |     5 |     4 ||     9
       Potion            |       |     4 ||     4
 Stab: Invisible         |       |     3 ||     3
  Eat: Chunk             |     4 |     2 ||     6
Armor: Robe              |     4 |       ||     4
       Leather armour    |     6 |     1 ||     7
       Skin              |       |    17 ||    17
Dodge: Dodged            |    14 |     5 ||    19
